 Dungeon Crawl Stone Soup version 0.17.1-3-g152610e (webtiles) character file.

805 Gargoyl the Covered (level 7, -2/55 HPs)
             Began as a Demonspawn Abyssal Knight on Mar 18, 2016.
             Was a Priest of Lugonu.
             Killed by nerve-wracking pain
             ... invoked by an orc priest
              (8 damage)
             ... on level 4 of the Dungeon.
             The game lasted 00:14:54 (4518 turns).

Gargoyl the Covered (Demonspawn Abyssal Knight)     Turns: 4518, Time: 00:14:54

Health: -2/55      AC: 12    Str: 15    XL:     7   Next: 60%
Magic:  9/9        EV:  6    Int: 13    God:    Lugonu [***...]
Gold:   238        SH:  5    Dex: 12    Spells: 0 memorised, 6 levels left

rFire  . . .     SeeInvis .     o - +0 war axe
rCold  . . .     Clarity  .     g - +0 chain mail
rNeg   . . .     SustAt   .     b - +2 buckler
rPois  .         Gourm    .     j - +0 helmet
rElec  .         Spirit   .     (no cloak)
rCorr  .         Warding  .     E - +0 pair of gloves
rMut   .         Stasis   .     (no boots)
MR     .....                    (no amulet)
Stlth  ..........               (no ring)
                                p - ring of stealth

@: not resistant to hostile enchantments, extremely unstealthy
A: demonic guardian 1, powered by death 2
a: Depart the Abyss, Bend Space, Banish, Renounce Religion


You were on level 4 of the Dungeon.
You worshipped Lugonu.
Lugonu was most pleased with you.
You were not hungry.

You visited 1 branch of the dungeon, and saw 7 of its levels.
You visited the Abyss 1 time.

You collected 238 gold pieces.

Inventory:

Hand Weapons
 m - a +0 flail
 o - a +0 war axe (weapon)
Armour
 b - a +2 buckler (worn)
 g - a +0 chain mail (worn)
 j - a +0 helmet (worn)
 E - a +0 pair of gloves (worn)
Jewellery
 a - an uncursed ring of ice
 p - a ring of stealth (left hand)
Wands
 k - a wand of confusion (9)
 l - a wand of random effects (28)
Scrolls
 d - 3 scrolls of identify
 f - 2 scrolls of blinking
 q - a scroll of remove curse
 u - a scroll of immolation {unknown}
 v - a scroll of amnesia
 y - 2 scrolls of teleportation
 H - a scroll of enchant weapon {unknown}
Potions
 e - 2 potions of curing
 h - a potion of degeneration {unknown}
 i - 2 potions of magic {unknown}
 n - a potion of heal wounds {unknown}
 t - a potion of berserk rage {unknown}
 x - a potion of agility {unknown}
 z - 2 potions of cancellation {unknown}
 A - a potion of lignification {unknown}
 B - 2 potions of ambrosia {unknown}
 F - 2 potions of invisibility {unknown}
 G - a potion of brilliance {unknown}
Comestibles
 c - 4 bread rations
 r - 2 beef jerkies
 s - 3 fruits
 w - 2 slices of pizza
 C - a meat ration
 D - a chunk of flesh


   Skills:
 + Level 4.6 Fighting
 + Level 3.7 Axes
 * Level 5.5 Armour
 + Level 2.3 Dodging
 + Level 1.2 Stealth
 + Level 0.5 Shields
 + Level 3.1 Invocations


You had 6 spell levels left.
You didn't know any spells.

Dungeon Overview and Level Annotations

Branches:
Dungeon (7/15)             Temple (0/1) D:5

Altars:
Dithmenos
Fedhas
Gozag
Kikubaaqudgha
Nemelex Xobeh
Ru
Trog

Shops:
D:4 =

Annotations:
D:4 oldnick's ghost, amateur DgTm


Innate Abilities, Weirdness & Mutations

A weak demonic guardian rushes to your aid.
You regenerate health from kills.


Message History

The orc priest is severely wounded.
You slash oldnick's ghost!
Oldnick's ghost is lightly damaged.
The orc wizard mumbles some strange words.
The orc wizard blinks!
The orc priest mumbles some strange prayers to Beogh against you.
Something smites you! Oldnick's ghost hits you!
* * * LOW HITPOINT WARNING * * *
The orc priest mumbles some strange prayers to Beogh against you.
Something smites you!
* * * LOW HITPOINT WARNING * * *
Oldnick's ghost hits you.
* * * LOW HITPOINT WARNING * * *
You hit the orc priest.
The orc priest is severely wounded.
You closely miss oldnick's ghost.
Oldnick's ghost is lightly damaged.
The orc priest mumbles some strange prayers to Beogh against you.
Pain shoots through your body!
You die...

.? #. ). ###. .###
#... #. ..# #.## #.
####.######.## #.
#⌠.⌠..........
#.#####.∩...#####.#.
#.Wo)..⌠.⌠..# #...
##5@######.## #...
#..# #.# ##.. #§.#
#.# ##. ##..######.#
#. #.......##.# #.
#.#####.# ####. #..
#.# #.... #... #.#
#.### #...# #.# #.#


You could see an orc priest, oldnick's ghost and a friendly iron imp.

Vanquished Creatures
  An ogre (D:5)
  A water moccasin zombie (D:7)
  2 crimson imps (D:7)
  3 orc wizards
  An orc priest (D:4)
  A centaur skeleton (D:6)
  A hound (D:4)
  An iguana (D:7)
  3 gnolls (D:5)
  3 adders
  An adder skeleton (D:4)
  3 worms
  A giant gecko (D:1)
  12 orcs
  3 giant cockroaches
  5 goblins
  4 hobgoblins
  6 jackals
  2 ball pythons
  9 bats
  12 giant newts
  9 kobolds
  A quokka zombie (D:5)
  4 rats
89 creatures vanquished.

Vanquished Creatures (collateral kills)
  A centaur (D:6)
  A giant frog (D:6)
  2 scorpions
  A jelly (D:7)
  An iguana (D:4)
  A gnoll (D:5)
  An orc (D:3)
  A giant cockroach (D:7)
9 creatures vanquished.

Vanquished Creatures (others)
  A wasp (D:5)
1 creature vanquished.

Grand Total: 99 creatures vanquished

Notes
Turn   | Place    | Note
--------------------------------------------------------------
     0 | Abyss:1  | Gargoyl the Demonspawn Abyssal Knight began the quest for the Orb.
     0 | Abyss:1  | Reached XP level 1. HP: 18/18 MP: 2/2
    67 | Abyss:1  | Noticed a ynoxinul
    68 | D:1      | Escaped the Abyss
   122 | D:1      | Reached * piety under Lugonu
   356 | D:1      | Gained mutation: A weak demonic guardian rushes to your aid. [demonic ancestry]
   356 | D:1      | Reached XP level 2. HP: 24/24 MP: 3/3
   854 | D:2      | Reached skill level 1 in Dodging
  1271 | D:2      | Reached XP level 3. HP: 20/29 MP: 5/5
  1869 | D:2      | Reached ** piety under Lugonu
  2269 | D:3      | Gained mutation: You regenerate a little health from kills. [demonic ancestry]
  2269 | D:3      | Reached XP level 4. HP: 34/37 MP: 6/6
  2525 | D:3      | Found a bloodstained altar of Trog.
  2648 | D:3      | Reached *** piety under Lugonu
  2920 | D:4      | Found Tuzal's Jewellery Emporium.
  2920 | D:4      | You fall through a shaft for 3 floors!
  3115 | D:7      | Gained mutation: You regenerate health from kills. [demonic ancestry]
  3115 | D:7      | Reached XP level 5. HP: 23/42 MP: 7/7
  3167 | D:7      | Reached skill level 4 in Fighting
  3203 | D:7      | Reached XP level 6. HP: 45/48 MP: 8/8
  3306 | D:6      | Reached skill level 1 in Stealth
  3445 | D:6      | Reached XP level 7. HP: 32/55 MP: 9/9
  3689 | D:5      | Entered Level 5 of the Dungeon
  3733 | D:5      | Reached skill level 5 in Armour
  4029 | D:5      | Found a sparkling altar of Nemelex Xobeh.
  4030 | D:5      | Found an opulent altar of Gozag.
  4122 | D:5      | Found an ancient bone altar of Kikubaaqudgha.
  4122 | D:5      | Found a blossoming altar of Fedhas.
  4126 | D:5      | Found a shadowy altar of Dithmenos.
  4126 | D:5      | Found a sacrificial altar of Ru.
  4238 | D:5      | Found a staircase to the Ecumenical Temple.
  4512 | D:4      | Noticed oldnick's ghost (amateur DgTm)
  4518 | D:4      | Killed from afar by an orc priest

Action                   |  1- 3 |  4- 6 |  7- 9 || total
-------------------------+-------+-------+-------++-------
Melee: Hand axe          |   163 |    69 |       ||   232
       War axe           |       |   111 |    86 ||   197
Invok: Depart the Abyss  |     1 |       |       ||     1
       Banish            |       |       |     1 ||     1
  Use: Potion            |     1 |     1 |     1 ||     3
       Scroll            |       |     4 |     1 ||     5
 Stab: Distracted        |       |     3 |       ||     3
  Eat: Chunk             |     5 |     4 |     4 ||    13
